 Dungeon Crawl Stone Soup version 0.28-a0-674-gdaf460b524 (webtiles) character file.

Game seed: 1911958065513785537

25 tatocazan the Skirmisher (level 2, 0/24 HPs)
             Began as a Demonspawn Fighter on Oct 17, 2021.
             Slain by Terence (4 damage)
             ... on level 2 of the Dungeon.
             The game lasted 00:01:10 (1224 turns).

tatocazan the Skirmisher (Demonspawn Fighter)       Turns: 1224, Time: 00:01:10

Health: 0/24       AC:  6    Str: 16    XL:     2   Next: 82%
Magic:  2/2        EV:  9    Int:  9    God:
Gold:   75         SH:  4    Dex: 12    Spells: 1/1 levels left

rFire   . . .      SeeInvis .   a - +0 war axe
rCold   . . .      Faith    .   c - +0 buckler
rNeg    . . .      Spirit   .   b - +0 scale mail
rPois   .          Reflect  .   (no helmet)
rElec   .          Harm     .   (no cloak)
rCorr   .          Rampage  .   (no gloves)
Will    .....                   (no boots)
Stlth   ..........              (no amulet)
HPRegen 0.08/turn               (no ring)
MPRegen 0.08/turn               (no ring)

@: no status effects
A: demonic touch 1
a: no special abilities


You were on level 2 of the Dungeon.
You visited 1 branch of the dungeon, and saw 2 of its levels.

You collected 75 gold pieces.

Inventory:

Hand Weapons
 a - a +0 war axe (weapon)
Armour
 b - a +0 scale mail (worn)
 c - a +0 buckler (worn)
Scrolls
 e - a scroll of enchant weapon {unknown}
 f - a scroll of identify {unknown}
Potions
 d - a potion of might
 g - a potion of magic {unknown}


   Skills:
 + Level 3.3 Fighting
 + Level 2.1 Axes
 + Level 3.0 Armour
 + Level 3.0 Shields


You had one spell level left.
You didn't know any spells.
Your spell library was empty.

Dungeon Overview and Level Annotations

Branches:
Dungeon (2/15)

Altars:

Shops:
D:1 [?:((

Annotations:
D:2 Terence


Innate Abilities, Weirdness & Mutations

Your touch may inflict minor irresistible damage on your foes.


Message History

You are too injured to fight recklessly!
You are too injured to fight recklessly!
You are too injured to fight recklessly!
You hit Terence but do no damage. You block Terence's attack.
You hit Terence.
Terence is moderately wounded.
You block Terence's attack. Terence hits you with a +0 flail.
You take 1 damage, and have 13/24 hp.
You barely miss Terence.
Terence is moderately wounded.
Terence barely misses you.
You hit Terence but do no damage.
Terence is moderately wounded.
You block Terence's attack.
You hit Terence.
Terence is heavily wounded.
Terence barely misses you. You block Terence's attack.
You barely miss Terence.
Terence is heavily wounded.
You block Terence's attack.
You hit Terence but do no damage.
Terence is heavily wounded.
Terence barely misses you. Terence hits you with a +0 flail!
* * * LOW HITPOINT WARNING * * *
You take 7 damage, and have 6/24 hp.
MASSIVE DAMAGE!!
You hit Terence.
Terence is severely wounded.
Terence hits you but does no damage.
You barely miss Terence.
Terence is severely wounded.
Terence barely misses you.
Your scale mail prevents you from hitting Terence.
Terence is severely wounded.
Terence barely misses you. Terence hits you with a +0 flail.
* * * LOW HITPOINT WARNING * * *
You take 3 damage, and have 4/24 hp.
You hit Terence.
Terence is almost dead.
Terence hits you with a +0 flail.
You die...

.##########
......@@..#
#########<#
#.# #.# #.#
#.# #.# ..#
###


You could see Terence.

Vanquished Creatures
  A dart slug (D:1)
  A ball python (D:1)
  3 endoplasms (D:1)
  A giant cockroach (D:1)
  3 hobgoblins (D:1)
  3 jackals (D:1)
  2 quokkas (D:1)
  3 bats (D:1)
  2 rats (D:1)
19 creatures vanquished.

Notes
Turn   | Place    | Note
-------+----------+-------------------------------------------
     0 | D:1      | tatocazan the Demonspawn Fighter began the quest for the
                  | Orb.
     0 | D:1      | Reached XP level 1. HP: 18/18 MP: 1/1
     3 | D:1      | Found Honisilihu's Weapon Shop.
    39 | D:1      | Found Qoligecu's Book Emporium.
   149 | D:1      | Gained mutation: Your touch may inflict minor irresistible
                  | damage on your foes. [demonic ancestry]
   149 | D:1      | Reached XP level 2. HP: 19/24 MP: 2/2
   299 | D:1      | Found Jypanusm's Antique Weapon Shoppe.
   530 | D:1      | Found Weun's Magic Scroll Shoppe.
   803 | D:1      | Found Avohokh's Antique Armour Shoppe.
   879 | D:1      | Found a faded altar of an unknown god.
  1210 | D:2      | Noticed Terence
  1224 | D:2      | Slain by Terence

Illustrated notes

Levels and vault maps discovered:
D:1:      wander_arrival_desolate, layout_basic, serial_shops, shop, shop,
          nicolae_shop_trees, nicolae_diamond_shop, shop, basic_ecumenical_altar
D:2:      layout_loops_ring, minmay_misc_feat_tower, minmay_pentomino_pile,
          uniq_terence

Skill      XL: |  1  2 |
---------------+-------+-----
Axes           | 2 |  2.1
Armour         | 3 |  3.0
Shields        | 3 |  3.0
Fighting       | |  3.3

Action                   || total
-------------------------++-------
Melee: War axe           ||    77
Armor: Scale mail        ||    37
Dodge: Dodged            ||    40
Block: Buckler           ||    22

Table legend: (Time is in decaauts)
 A = Elapsed time spent in this place.
 B = Non-inter-level travel time spent in this place.
 C = Inter-level travel time spent in this place.
 D = Time resting spent in this place.
 E = Time spent auto-exploring this place.
 F = Levels seen in this place.
 G = Mean time per level.
                   A        B        C        D        E       F      G
               +--------+--------+--------+--------+--------+-----+--------+
         Total |   1255 |   1235 |     20 |    253 |    807 |   2 |  627.5 |
       Dungeon |   1255 |   1235 |     20 |    253 |    807 |   2 |  627.5 |
               +--------+--------+--------+--------+--------+-----+--------+

Top non-repeatable levels by time:
     D:1: 1237 daAuts
     D:2: 18 daAuts
